 Dungeon Crawl Stone Soup version 0.31-a0-662-g684573625c (webtiles) character file.

Game seed: 2832679938637241231

23416 Pooter the Severer (level 12, -6/159 (172) HPs)
             Began as a Minotaur Berserker on Aug 31, 2023.
             Was a Priest of Trog.
             Mangled by a white very ugly thing (51 damage)
             ... on level 2 of the Abyss.
             The game lasted 01:04:33 (16489 turns).

Pooter the Severer (Minotaur Berserker)            Turns: 16489, Time: 01:04:33

HP:   -6/159 (172)  AC: 15    Str: 26    XL:     12   Next: 71%
MP:   11/11         EV:  7    Int:  4    God:    Trog [***...]
Gold: 860           SH:  0    Dex: 11    Spells: 11/11 levels left

rFire   . . .        a - +2 battleaxe (freeze)
rCold   . . .        (shield currently unavailable)
rNeg    . . .        c - +3 plate armour
rPois   +            (helmet restricted)
rElec   .            L - +0 cloak {rPois}
rCorr   +            (no gloves)
SInv    .            (no boots)
Will    ++...        d - amulet of regeneration Stlth
                     B - +4 ring of slaying
HPRegen 2.26/turn    C - ring of resist corrosion
MPRegen 0.12/turn

%: no passive effects
@: berserking, strong-willed, regenerating, wreathed by umbra, drained, very
quick
A: horns 2, retaliatory headbutt
a: Renounce Religion, Berserk, Trog's Hand


You were on level 2 of the Abyss.
You worshipped Trog.
Trog was most pleased with you.
You visited 2 branches of the dungeon, and saw 12 of its levels.
You visited the Abyss 1 time.
You also visited: Sewer and Ossuary.

You collected 920 gold pieces.
You spent 60 gold pieces at shops.

Inventory:

Hand Weapons
 a - a +2 battleaxe of freezing (weapon)
   (You took it off a wight on level 7 of the Dungeon)
 b - a +0 longbow
   (You found it on level 9 of the Dungeon)
 v - a +0 orcbow of flaming
   (You took it off a centaur on level 7 of the Dungeon)
 G - a +0 heavy hand axe
   (You took it off an orc on level 3 of the Dungeon)
 J - a +4 war axe of flaming
   (You found it on level 6 of the Dungeon)
 N - a +4 battleaxe of chaos
   (You took it off a wight on level 9 of the Dungeon)
Missiles
 e - 6 boomerangs (quivered)
 p - 6 curare-tipped darts
 r - 10 poisoned darts
 s - 2 javelins
 x - 4 datura-tipped darts
 Q - 112 stones
Armour
 c - a +3 plate armour (worn)
   (You found it on level 1 of the Dungeon)
 L - a +0 cloak of poison resistance (worn)
   (You took it off Crazy Yiuf on level 6 of the Dungeon)
Jewellery
 d - an amulet of regeneration (around neck)
   (You found it on level 2 of the Dungeon)
 y - an amulet of reflection
   (You found it on level 5 of the Dungeon)
 B - a +4 ring of slaying (left hand)
   (You found it on level 2 of the Dungeon)
 C - a ring of resist corrosion (right hand)
   (You found it on level 10 of the Dungeon)
 D - the amulet "Tufuts" {Spirit Fly rF+}
   (You found it on level 6 of the Dungeon)

   [amulet of guardian spirit]

   Spirit:    It causes incoming damage to be divided between your reserves of
   health and magic.
   rF+:       It protects you from fire.
   Fly:       It grants you flight.
Wands
 f - a wand of flame (37)
   (You found it on level 5 of the Dungeon)
 i - a wand of charming (6)
   (You found it on level 10 of the Dungeon)
 E - a wand of roots (9)
   (You found it on level 9 of the Dungeon)
 M - a wand of mindburst (11)
   (You found it on level 7 of the Dungeon)
Scrolls
 g - 2 scrolls of fear
 j - 2 scrolls of noise {!r}
 l - 4 scrolls of revelation
 m - 3 scrolls of fog
 t - 6 scrolls of teleportation {@r4}
 K - a scroll of vulnerability {!r}
Potions
 h - 7 potions of curing {@q1}
 k - a potion of resistance {unknown}
 n - 3 potions of heal wounds {@q2}
 q - a potion of enlightenment {unknown}
 u - 2 potions of haste {@q3}
 w - 3 potions of might
 z - 3 potions of mutation {!q}
 A - a potion of cancellation {unknown}
 F - a potion of magic {unknown}
 H - a potion of invisibility
 I - 2 potions of lignification {!q}


   Skills:
 + Level 13.4 Fighting
 * Level 18.1 Axes
 + Level 11.8 Ranged Weapons
 - Level 2.4 Armour
 - Level 2.1 Dodging


You had 11 spell levels left.
You didn't know any spells.
Your spell library was empty.

Dungeon Overview and Level Annotations

Branches:
Dungeon (10/15) Zot: 25485  Temple (0/1) D:5            Lair (0/5) D:10
    Orc (2/2) D:10 Zot: 11392   Sewer (visited)         Ossuary (visited)
    Elf: Orc:2

Altars:
Ashenzari
Dithmenos
Okawaru
Qazlal
Ru
Uskayaw
Yredelemnul
Zin
The Shining One

Shops:
D:1 *   D:8 :   Orc:2 (

Annotations:
Orc:2 Sonja


Innate Abilities, Weirdness & Mutations

You have a pair of horns on your head.
You reflexively headbutt those who attack you in melee.


Message History

The profane servitor completely misses you.
The profane servitor hits you with a +1 whip.
The profane servitor draws strength from your injuries!
The profane servitor hits you with a +1 whip!
You feel drained.
The ynoxinul gestures.
The ufetubus barely misses you.
The ufetubus hits you but does no damage.
You closely miss the ufetubus. You closely miss the profane servitor.
You closely miss the ufetubus.
The profane servitor hits you with a +1 whip.
The profane servitor draws strength from your injuries!
The profane servitor hits you with a +1 whip.
The ufetubus barely misses you.
The ufetubus hits you but does no damage.
The ufetubus closely misses you.
The ufetubus hits you but does no damage.
The profane servitor hits you with a +1 whip!
* * * LOW HITPOINT WARNING * * *
The profane servitor draws strength from your injuries!
The profane servitor hits you but does no damage.
The ufetubus hits you but does no damage.
The ufetubus barely misses you.
The ynoxinul hits you but does no damage.
The ufetubus closely misses you.
The ufetubus hits you but does no damage.
The ynoxinul hits you.
* * * LOW HITPOINT WARNING * * *
The profane servitor hits you with a +1 whip!
* * * LOW HITPOINT WARNING * * *
The profane servitor draws strength from your injuries!
The profane servitor hits you with a +1 whip.
* * * LOW HITPOINT WARNING * * *
You feel drained.
* * * LOW HITPOINT WARNING * * *
A red film seems to cover your vision as you go berserk!
You feel yourself moving faster!
You feel mighty!
The ufetubus hits you but does no damage. x3
The ufetubus closely misses you.
The profane servitor hits you with a +1 whip.
* * * LOW HITPOINT WARNING * * *
The profane servitor draws strength from your injuries!
The profane servitor completely misses you.
A red very ugly thing comes into view.
The ynoxinul barely misses you. You furiously retaliate!
You headbutt the ynoxinul! The ufetubus barely misses you. x2
The white very ugly thing gores you.
* * * LOW HITPOINT WARNING * * *
The white very ugly thing freezes you!!!
You die...

#..#>.. . ..##
#. ##. ###
#.###.#.. #..##
# ##.##..#.# .
## #.
.#.#.##.## #
#.#u#.##...## #
#...##.....## .
.##.#.......#u.
# #...A35....#
. .#
#..##55@5...#
..# #.#
##u....## . .#
# ##...## .#
##.## #.#.# .#
# .## ## ...# .
# ##


You could see a profane servitor, 2 very ugly things, a ynoxinul and 4 ufetubi.

Vanquished Creatures
  2 hydras
  5 two-headed ogres
  6 centaur warriors
  An orc high priest (D:10)
  2 deep trolls
  2 orc sorcerers
  Pikel (D:6)
  2 ugly things (D:8)
  A deep elf pyromancer (D:9)
  An orc knight (Orc:1)
  Maggie (D:7)
  A large abomination (Abyss:2)
  9 trolls
  2 hornets
  3 raiju (Abyss:2)
  A slime creature (D:8)
  3 wyverns
  2 wraiths
  2 vampires
  13 yaks
  Menkaure (Ossuary)
  A warg (D:10)
  An acid dragon (D:10)
  A water moccasin (D:8)
  6 orc warriors
  A black bear (D:7)
  2 ice beasts
  2 sky beasts
  3 wolves (D:10)
  2 centaurs
  3 ogres
  2 phantoms (D:6)
  A lemure (D:6)
  4 bullfrogs
  5 scorpions
  8 wights
  3 killer bees (D:9)
  2 electric eels (D:10)
  5 howler monkeys
  9 hounds
  4 jellies
  5 orc priests
  Crazy Yiuf (D:6)
  3 sleepcaps
  6 iguanas
  5 orc wizards
  4 mummies
  3 gnolls (D:6)
  13 adders
  4 river rats
  5 shadow imps
  An ufetubus (D:7)
  3 worms
  3 dart slugs
  30 orcs
  8 endoplasms
  5 giant cockroaches
  9 goblins
  5 hobgoblins
  6 jackals
  A quokka (D:2)
  17 ball pythons
  A bat (D:1)
  7 frilled lizards
  2 gnoll skeletons (Ossuary)
  3 gnoll zombies (Ossuary)
  7 goblin skeletons (Ossuary)
  5 goblin zombies (Ossuary)
  6 hobgoblin skeletons (Ossuary)
  6 hobgoblin zombies (Ossuary)
  5 kobolds
  5 kobold skeletons (Ossuary)
  2 kobold zombies (Ossuary)
  4 orc skeletons (Ossuary)
  3 orc zombies (Ossuary)
  26 rats
  A rat skeleton (Ossuary)
  6 rat zombies (Ossuary)
352 creatures vanquished.

Notes
Turn   | Place    | Note
-------+----------+-------------------------------------------
     0 | D:1      | Pooter the Minotaur Berserker began the quest for the Orb.
     0 | D:1      | Reached XP level 1. HP: 19/19 MP: 0/0
   168 | D:1      | Reached skill level 4 in Axes
   303 | D:1      | You fall into a shaft and drop 1 floor!
   385 | D:2      | Reached XP level 2. HP: 27/27 MP: 1/1
   690 | D:1      | Found Tonuil's General Store.
   695 | D:1      | Bought a potion of curing for 30 gold pieces
   695 | D:1      | Bought a potion of degeneration for 10 gold pieces
   829 | D:1      | Bought a scroll of identify for 20 gold pieces
  1323 | D:2      | Reached skill level 1 in Ranged Weapons
  1328 | D:2      | Reached XP level 3. HP: 33/33 MP: 2/2
  1496 | D:2      | Found a faded altar of an unknown god.
  1726 | D:3      | Reached ** piety under Trog
  2114 | D:3      | Reached skill level 5 in Axes
  2114 | D:3      | Reached XP level 4. HP: 25/41 MP: 3/3
  2597 | D:4      | Found a glowing drain.
  2611 | D:4      | Reached XP level 5. HP: 47/47 MP: 4/4
  2633 | Sewer    | Entered a sewer
  3030 | Sewer    | Reached *** piety under Trog
  3094 | Sewer    | Reached skill level 5 in Fighting
  3107 | Sewer    | Reached skill level 6 in Axes
  3184 | Sewer    | Reached XP level 6. HP: 47/56 MP: 5/5
  3253 | D:4      | Reached skill level 7 in Axes
  4191 | D:5      | Entered Level 5 of the Dungeon
  4199 | D:5      | Reached XP level 7. HP: 62/62 MP: 6/6
  4321 | D:5      | Reached **** piety under Trog
  4322 | D:5      | Reached skill level 8 in Axes
  4830 | D:5      | Reached XP level 8. HP: 71/71 MP: 7/7
  4850 | D:5      | Found a staircase to the Ecumenical Temple.
  5077 | D:6      | Identified the amulet "Tufuts" {Spirit Fly rF+}
  5093 | D:6      | Noticed Pikel
  5110 | D:6      | Reached skill level 9 in Axes
  5113 | D:6      | Killed Pikel
  5114 | D:6      | Reached skill level 5 in Ranged Weapons
  5135 | D:6      | Found a sand-covered staircase.
  5144 | Ossuary  | Entered an ossuary
  9258 | Ossuary  | Noticed Menkaure
  9261 | Ossuary  | Killed Menkaure
  9262 | Ossuary  | Reached skill level 10 in Axes
 10097 | Ossuary  | Glimpsed the power of Zot.
 10435 | D:6      | Reached XP level 9. HP: 81/81 MP: 8/8
 10660 | D:6      | Reached skill level 11 in Axes
 10843 | D:6      | Found a runed translucent door.
 10844 | D:6      | Noticed Crazy Yiuf
 10899 | D:6      | Killed Crazy Yiuf
 11205 | D:7      | Noticed Maggie
 11226 | D:7      | Killed Maggie
 11227 | D:7      | Reached skill level 12 in Axes
 11616 | D:7      | Found a sacrificial altar of Ru.
 11617 | D:7      | Found a basalt altar of Yredelemnul.
 11618 | D:7      | Found a glowing silver altar of Zin.
 11619 | D:7      | Found a shadowy altar of Dithmenos.
 11621 | D:7      | Found an iron altar of Okawaru.
 11621 | D:7      | Found a glowing golden altar of the Shining One.
 11623 | D:7      | Found a hide-covered altar of Uskayaw.
 11799 | D:7      | Reached XP level 10. HP: 91/91 MP: 9/9
 11925 | D:8      | Found Deta's Book Boutique.
 12036 | D:8      | Paralysed by a hornet for 2 turns
 12173 | D:8      | Found a broken altar of Ashenzari.
 12173 | D:8      | Found a stormy altar of Qazlal.
 12273 | D:8      | Reached skill level 13 in Axes
 12836 | D:9      | Noticed a two-headed ogre
 12841 | D:9      | Killed a two-headed ogre
 12842 | D:9      | Reached skill level 10 in Fighting
 13169 | D:9      | Noticed a centaur warrior
 13169 | D:9      | Noticed a centaur warrior
 13169 | D:9      | Noticed a centaur warrior
 13170 | D:9      | Noticed a centaur warrior
 13194 | D:9      | Noticed a deep elf pyromancer
 13194 | D:9      | Noticed a centaur warrior
 13195 | D:9      | Noticed a seven-headed hydra
 13196 | D:9      | Killed a centaur warrior
 13197 | D:9      | Reached skill level 14 in Axes
 13197 | D:9      | Noticed a white ugly thing
 13255 | D:8      | Killed an 11-headed hydra
 13258 | D:8      | Killed a white ugly thing
 13329 | D:9      | Noticed a red ugly thing
 13337 | D:8      | Killed a red ugly thing
 13338 | D:8      | Reached XP level 11. HP: 79/101 MP: 10/10
 13390 | D:9      | Noticed a seven-headed hydra
 13392 | D:9      | HP: 3/151 [centaur warrior/arrow (23)]
 13395 | D:8      | Killed a centaur warrior
 13764 | D:9      | Killed a centaur warrior
 13765 | D:9      | Reached skill level 15 in Axes
 13822 | D:9      | Killed a centaur warrior
 13824 | D:9      | Killed a centaur warrior
 13927 | D:9      | Killed a deep elf pyromancer
 14086 | D:9      | Reached skill level 10 in Ranged Weapons
 14116 | D:9      | Killed a five-headed hydra
 14297 | D:10     | Entered Level 10 of the Dungeon
 14328 | D:10     | Found a staircase to the Orcish Mines.
 14341 | D:10     | Reached skill level 16 in Axes
 14406 | D:10     | Noticed a centaur warrior
 14416 | D:10     | Killed a centaur warrior
 14754 | D:10     | Found a staircase to the Lair.
 15337 | Orc:1    | Entered Level 1 of the Orcish Mines
 15339 | Orc:1    | Noticed an orc high priest
 15346 | D:10     | Reached XP level 12. HP: 103/112 MP: 11/11
 15487 | D:10     | Killed an orc high priest
 15596 | Orc:1    | Paralysed by an orc sorcerer for 3 turns
 15738 | Orc:1    | Reached skill level 17 in Axes
 15917 | Orc:2    | Entered Level 2 of the Orcish Mines
 15917 | Orc:2    | Found Yhelia's Antique Weapon Shoppe.
 16016 | Orc:2    | Noticed a two-headed ogre
 16029 | Orc:1    | Killed a two-headed ogre
 16064 | Orc:2    | Noticed a two-headed ogre
 16080 | Orc:2    | Noticed a two-headed ogre
 16085 | Orc:1    | Killed a two-headed ogre
 16162 | Orc:2    | Killed a two-headed ogre
 16224 | Orc:2    | Noticed a two-headed ogre
 16258 | Orc:2    | Noticed an ogre mage
 16266 | Orc:1    | Killed a two-headed ogre
 16267 | Orc:1    | Reached skill level 18 in Axes
 16315 | Orc:2    | Noticed Sonja
 16320 | Abyss:2  | Cast into level 2 of the Abyss (Sonja)
 16342 | Abyss:2  | Found a corrupted altar of Lugonu.
 16345 | Abyss:2  | Found a corrupted altar of Lugonu.
 16388 | Abyss:2  | Found a hazy altar of Hepliaklqana.
 16464 | Abyss:2  | Noticed a white very ugly thing
 16480 | Abyss:2  | Noticed a profane servitor
 16489 | Abyss:2  | Noticed a red very ugly thing
 16489 | Abyss:2  | Mangled by a white very ugly thing

Illustrated notes

Levels and vault maps discovered:
D:1:      minmay_arrival_plants_in_alcoves, layout_basic, serial_shops, shop,
          nicolae_concentric_dashed_squares_mild
D:2:      minmay_razor_zed, layout_basic, dilly_ecumenical_altar_fadedgnrine,
          nicolae_elevator_lobby_plus
D:3:      layout_loops_ring, grunt_decor_mini_mirrors, chequers_jeans,
          grunt_ministairs_12, columned_hall_lemuel, minivault_24
D:4:      layout_layer_cave, cheibrodos_sewer_entry_sluice,
          kennysheep_decorative_pillar
D:5:      layout_loops_ring, minmay_temple_entry_trees,
          minmay_increasing_density
D:6:      layout_loops_ring, gup_ossuary_entry_pyramid, minmay_misc_feat_iff,
          grunt_decor_fettered, uniq_pikel, uniq_crazy_yiuf_cottage
D:7:      layout_loops_ring, grunt_temple_overflow_open, kennysheep_boxes,
          uniq_maggie
D:8:      layout_rooms, gammafunk_temple_overflow_elements, serial_shops,
          nicolae_book_shop_shelving
D:9:      layout_long_grid, minivault_28
D:10:     layout_loops_ring, erik_lair_island, david_orc_2
Orc:1:    layout_caves, basic_altar, serial_shops, shop
Orc:2:    st_orc_open, layout_caves, serial_shops, nicolae_square_shop, shop,
          shop, hangedman_minor_magic, uniq_erolcha, uniq_snorg, uniq_sonja
Abyss:2:  base: D:8, evilmike_abyss_exit_11

Skill      XL: |  1  2  3  4  5  6  7  8  9 10 11 12 |
---------------+-------------------------------------+-----
Axes           | 4 5 6 7 8 10 12 14 16 18 | 18.1
Fighting       | 4 5 6 7 9 10 12 13 | 13.4
Ranged Weapons | 1 2 3 4 6 7 9 10 11 | 11.8
Armour         | |  2.4
Dodging        | |  2.1

Action                     |  1- 3 |  4- 6 |  7- 9 | 10-12 || total
---------------------------+-------+-------+-------+-------++-------
  Melee: Hand axe          |    57 |    65 |    22 |       ||   144
         Headbutt          |     6 |     7 |    19 |    46 ||    78
         War axe           |       |       |   101 |     3 ||   104
         Punch             |       |       |     1 |     1 ||     2
         Battleaxe         |       |       |    15 |   201 ||   216
   Fire: Sling             |    20 |    74 |   149 |       ||   243
         Orcbow            |       |       |     3 |    28 ||    31
         Longbow           |       |       |       |    44 ||    44
  Throw: Boomerang         |       |     6 |     5 |     7 ||    18
         Dart              |       |     1 |       |       ||     1
 Invoke: Berserk           |     1 |       |     3 |    18 ||    22
         Trog's Hand       |       |       |     7 |    19 ||    26
  Evoke: Wand              |       |       |     3 |     6 ||     9
    Use: Scroll            |     6 |     4 |    11 |     9 ||    30
         Potion            |       |       |       |     3 ||     3
 Armour: Plate armour      |    50 |    92 |   135 |   460 ||   737
  Dodge: Dodged            |    24 |    41 |    37 |   127 ||   229
  Block: Other             |       |       |    25 |       ||    25

Table legend: (Time is in decaauts)
 A = Elapsed time spent in this place.
 B = Non-inter-level travel time spent in this place.
 C = Inter-level travel time spent in this place.
 D = Time resting spent in this place.
 E = Time spent auto-exploring this place.
 F = Levels seen in this place.
 G = Mean time per level.
                   A        B        C        D        E       F      G
               +--------+--------+--------+--------+--------+-----+--------+
         Total |  16949 |  16427 |    522 |   7542 |   6357 |  15 | 1129.9 |
       Dungeon |  10416 |   9910 |    506 |   2237 |   5932 |  10 | 1041.6 |
  Orcish Mines |    606 |    591 |     15 |    322 |    112 |   2 |  303.0 |
         Abyss |    167 |    167 |      0 |     20 |      0 |   1 |  167.0 |
         Sewer |    671 |    671 |      0 |    300 |    175 |   1 |  671.0 |
       Ossuary |   5088 |   5088 |      0 |   4662 |    137 |   1 | 5088.0 |
               +--------+--------+--------+--------+--------+-----+--------+

Top non-repeatable levels by time:
 Ossuary: 5088 daAuts
    D:10: 1514 daAuts
     D:9: 1398 daAuts
     D:6: 1107 daAuts
     D:4: 1085 daAuts
     D:2: 993 daAuts
     D:8: 965 daAuts
     D:5: 935 daAuts
     D:3: 879 daAuts
     D:7: 801 daAuts
     D:1: 734 daAuts
   Sewer: 671 daAuts
   Orc:1: 485 daAuts
 Abyss:2: 167 daAuts
   Orc:2: 121 daAuts
